 Dungeon Sprint DCSS version 0.21.0-24-g2553a33 (webtiles) character file.

203 wojtek the Cleaver (level 5, -12/78 HPs)
             Began as a Minotaur Berserker on Jan 20, 2018.
             Was an Elder of Trog.
             Mangled by a fire elemental (13 damage)
             ... summoned by a deep elf mage
             ... in the Dungeon (Sprint III: "The Ten Rune Challenge").
             The game lasted 00:01:13 (637 turns).

wojtek the Cleaver (Minotaur Berserker)              Turns: 637, Time: 00:01:13

Health: -12/78     AC:  2    Str: 28    XL:     5   Next: 51%
Magic:  4/4        EV: 14    Int:  4    God:    Trog [****..]
Gold:   29         SH:  0    Dex:  9    Spells: 4/4 levels left

rFire    . . .     SeeInvis .   a - +0 hand axe
rCold    . . .     Gourm    .   (no shield)
rNeg     . . .     Faith    .   b - +0 animal skin
rPois    .         Spirit   .   (helmet restricted)
rElec    .         Reflect  .   (no cloak)
rCorr    .         Harm     .   (no gloves)
MR       .....     NoTele   +   (no boots)
Stlth    ..........             (no amulet)
HPRegen  0.23/turn              (no ring)
MPRegen  0.09/turn              (no ring)

@: berserking, liquid flames, glowing, very quick
A: retaliatory headbutt, horns 2
a: Berserk, Trog's Hand, Brothers in Arms, Burn Spellbooks, Renounce Religion


You were in the Dungeon.
You worshipped Trog.
Trog was greatly pleased with you.
You were not hungry.

You visited 1 branch You collected 29 gold pieces.

Inventory:

Hand Weapons
 a - a +0 hand axe (weapon)
Armour
 b - a +0 animal skin (worn)
Scrolls
 i - a scroll of blinking
 k - a scroll of fear {unknown}
 m - 2 scrolls of immolation {unknown}
 n - 2 scrolls of identify
 o - 4 scrolls of remove curse
Potions
 d - a potion of curing
 e - a potion of heal wounds
 f - 2 potions of haste
 g - 2 potions of magic
 h - a potion of berserk rage
 l - 3 potions of mutation {unknown}
 p - 2 potions of flight {unknown}
Books
 q - a book of Necromancy

   Spells                             Type                      Level
   a - Pain                           Necromancy                   1
   b - Animate Skeleton               Necromancy                   1
   c - Vampiric Draining              Necromancy                   3
   d - Regeneration                   Charms/Necromancy            3
   e - Animate Dead                   Necromancy                   4
   f - Borgnjor's Vile Clutch         Necromancy/Earth             5
   Trog disapproves of the use of such an item.
Comestibles
 c - 2 rations


   Skills:
 + Level 7.1 Fighting
 * Level 9.4 Axes
 + Level 6.5 Armour
 + Level 5.9 Dodging


You had 4 spell levels left.
You didn't know any spells.

Dungeon Overview and Level Annotations

Branches:
Dungeon (1/1)

Altars:
Elyvilon
Kikubaaqudgha
Sif Muna
Vehumet
Zin
The Shining One


Innate Abilities, Weirdness & Mutations

You reflexively headbutt those who attack you in melee.
You have a pair of horns on your head.


Message History

* * * LOW HITPOINT WARNING * * *
The fire elemental hits you. The fire elemental burns you!
* * * LOW HITPOINT WARNING * * *
The deep elf mage drinks a potion.
The deep elf mage is healed!
You closely miss the deep elf mage.
The deep elf mage is heavily wounded.
You miss the fire elemental. You slash the fire elemental!
You destroy the fire elemental!
You are covered in liquid flames!
* * * LOW HITPOINT WARNING * * *
The fire elemental closely misses you.
The deep elf mage hits you with a long sword of holy wrath.
* * * LOW HITPOINT WARNING * * *
You slash the deep elf mage!
The deep elf mage is severely wounded.
You closely miss the fire elemental.
You are covered in liquid flames!
* * * LOW HITPOINT WARNING * * *
The fire elemental hits you. The fire elemental burns you!
You die...

▓▓▓▓ ▓▓▓ [..####
##.#####
......#####..#_§_#
.....).#..#..#.E.#
#.##...#..#..###@#+###+
#.###..##'#..#..e.......
##.##..###...'.⌠........
..##..####...#...######+
..##..###....#.⌠.#
.##...##.....#...#
##....#......#)###
##..##.#.....#...#
#..#####....#___#


You could see a deep elf mage and a fire elemental.

Vanquished Creatures
  A water elemental (D)
  A scorpion (D)
  Jessica (D)
  A wizard (D)
  A human (D)
  A kobold demonologist (D)
  An ooze (D)
  2 rats (D)
9 creatures vanquished.

Vanquished Creatures (others)
  2 draconian scorchers (D)
  6 hellions (D)
  2 yaktaurs (D)
  4 plants (D)
14 creatures vanquished.

Grand Total: 23 creatures vanquished

Notes
Turn   | Place    | Note
-------+----------+-------------------------------------------
     0 | D        | wojtek the Minotaur Berserker began the quest for the Orb.
     0 | D        | Reached XP level 1. HP: 19/19 MP: 0/0
    14 | D        | Reached skill level 4 in Axes
    85 | D        | Killed a yaktaur
    94 | D        | Killed a hellion
    95 | D        | Killed a hellion
   139 | D        | Noticed Jessica
   142 | D        | Killed Jessica
   142 | D        | Reached ** piety under Trog
   142 | D        | Reached skill level 5 in Axes
   142 | D        | Reached XP level 2. HP: 26/28 MP: 1/1
   142 | D        | Reached XP level 3. HP: 33/35 MP: 2/2
   142 | D        | Killed a hellion
   143 | D        | Killed a hellion
   143 | D        | Killed a hellion
   173 | D        | Reached skill level 5 in Fighting
   173 | D        | Reached skill level 6 in Axes
   193 | D        | Killed a hellion
   219 | D        | Killed a white draconian scorcher
   233 | D        | Noticed a scorpion
   240 | D        | Killed a scorpion
   240 | D        | Reached skill level 7 in Axes
   240 | D        | Reached skill level 5 in Armour
   240 | D        | Reached XP level 4. HP: 25/44 MP: 3/3
   319 | D        | Killed a white draconian scorcher
   467 | D        | Noticed a water elemental
   472 | D        | Killed a water elemental
   472 | D        | Reached *** piety under Trog
   472 | D        | Reached skill level 8 in Axes
   472 | D        | Reached skill level 5 in Dodging
   472 | D        | Reached XP level 5. HP: 47/51 MP: 4/4
   579 | D        | Found a radiant altar of Vehumet.
   579 | D        | Found a deep blue altar of Sif Muna.
   579 | D        | Found an ancient bone altar of Kikubaaqudgha.
   582 | D        | Reached skill level 9 in Axes
   586 | D        | Reached **** piety under Trog
   592 | D        | Killed a yaktaur
   623 | D        | Found a glowing silver altar of Zin.
   624 | D        | Found a glowing golden altar of the Shining One.
   624 | D        | Found a white marble altar of Elyvilon.
   624 | D        | Noticed a deep elf mage
   631 | D        | Noticed a fire elemental
   632 | D        | Noticed a fire elemental
   636 | D        | HP: 2/78 [deep elf mage/long sword of holy wrath (4)]
   637 | D        | Mangled by a fire elemental

Skill      XL: |  1  2  3  4  5 |
---------------+----------------+-----
Fighting       | 4 6 7 |  7.1
Axes           | 5 7 8 9 |  9.4
Armour         | 4 5 6 |  6.5
Dodging        | 3 4 5 |  5.9

Action                   |  1- 3 |  4- 6 || total
-------------------------+-------+-------++-------
Melee: Hand axe          |    23 |    14 ||    37
       Headbutt          |     2 |       ||     2
Invok: Berserk           |       |     3 ||     3
  Eat: Ration            |       |     1 ||     1
Armor: Animal skin       |     1 |     2 ||     3
Dodge: Dodged            |    13 |     6 ||    19
